 Dungeon Crawl Stone Soup version 0.26.1-11-gd32895ea62 (webtiles) character file.

Game seed: 14811092114587330850

42 tizbic2 the Sneak (level 3, -1/18 HPs)
             Began as a Vine Stalker Brigand on June 25, 2021.
             Killed from afar by Sigmund (6 damage)
             ... with a magic dart
             ... on level 2 of the Dungeon.
             The game lasted 00:14:07 (1089 turns).

tizbic2 the Sneak (Vine Stalker Brigand)            Turns: 1089, Time: 00:14:07

Health: -1/18      AC:  6    Str: 19    XL:     3   Next: 54%
Magic:  0/6        EV: 11    Int: 11    God:
Gold:   82         SH:  0    Dex: 16    Spells: 5/5 levels left

rFire    . . .     SeeInvis .   a - +2 dagger
rCold    . . .     Faith    .   (no shield)
rNeg     . . .     Spirit   +   f - +0 ring mail
rPois    .         Reflect  .   (no helmet)
rElec    .         Harm     .   c - +0 cloak
rCorr    .         Rampage  .   (no gloves)
Will     .....                  (no boots)
Stlth    +.........             (no amulet)
HPRegen  0.06/turn              i - +6 ring of strength
MPRegen  0.10/turn              (no ring)

@: confused
A: fangs 2, magic shield, antimagic bite, no potion heal 3
a: no special abilities


You were on level 2 of the Dungeon.
You visited 1 branch of the dungeon, and saw 2 of its levels.

You collected 82 gold pieces.

Inventory:

Hand Weapons
 a - a +2 dagger (weapon)
Missiles
 d - 8 poisoned darts
 e - 2 curare-tipped darts
 n - 47 stones (quivered)
Armour
 b - a +0 robe
 c - a +0 cloak (worn)
 f - a +0 ring mail (worn)
 l - a +2 kite shield
Jewellery
 i - a +6 ring of strength (left hand)
Scrolls
 g - 2 scrolls of amnesia {unknown}
 m - a scroll of immolation {unknown}
 o - a scroll of enchant weapon {unknown}
 p - a scroll of identify {unknown}
Potions
 h - a potion of heal wounds {unknown}
 j - a potion of might {unknown}


   Skills:
 * Level 1.9 Fighting
 * Level 2.3 Short Blades
 + Level 2.0 Throwing
 + Level 0.1 Armour
 + Level 0.9 Dodging
 + Level 4.9 Stealth
 + Level 0.1 Shields
 * Level 1.7 Spellcasting


You had 5 spell levels left.
You didn't know any spells.
Your spell library was empty.

Dungeon Overview and Level Annotations

Branches:
Dungeon (2/15)

Altars:

Annotations:
D:2 Sigmund


Innate Abilities, Weirdness & Mutations

You have extremely sharp teeth.
When hurt, damage is shared between your health and your magic reserves.
Your bite disrupts and absorbs the magic of your enemies.
Potions cannot restore your health.


Message History

You miss the leopard gecko.
The leopard gecko bites you but does no damage.
Sigmund closely misses you.
You closely miss Sigmund. You bite Sigmund, but do no damage.
Sigmund is lightly wounded.
The leopard gecko barely misses you.
The leopard gecko bites you but does no damage.
You're too confused to move!
Sigmund hits you with a +0 scythe!
* * * LOW HITPOINT WARNING * * *
The leopard gecko closely misses you.
The leopard gecko hisses menacingly.
Sigmund points at you and mumbles some strange words.
You are more confused.
Sigmund barely misses you.
Found 15 stones.
The leopard gecko bites you but does no damage.
You're too confused to move!
The leopard gecko barely misses you. Sigmund casts a spell at you.
The magic dart hits you!
You die...

(.... #...#
#...# #...#
#...# #...#
#$..#
#.@.######
#@l.......
#.########
#######.#######
.......$......+
#######.#######
#.# #.# #.#


You could see Sigmund and a leopard gecko.

Vanquished Creatures
  An ooze (D:1)
  2 dart slugs (D:1)
  A leopard gecko (D:1)
  5 bats
  6 goblins
  2 hobgoblins
  4 jackals (D:1)
  3 kobolds
  A frilled lizard (D:1)
  5 rats (D:1)
30 creatures vanquished.

Notes
Turn   | Place    | Note
-------+----------+-------------------------------------------
     0 | D:1      | tizbic2 the Vine Stalker Brigand began the quest for the
                  | Orb.
     0 | D:1      | Reached XP level 1. HP: 11/11 MP: 2/2
   137 | D:1      | Reached XP level 2. HP: 9/15 MP: 3/3
   447 | D:1      | Reached skill level 1 in Spellcasting
   447 | D:1      | Reached XP level 3. HP: 14/18 MP: 5/5
  1064 | D:2      | Noticed Sigmund
  1089 | D:2      | Killed from afar by Sigmund

Illustrated notes

Levels and vault maps discovered:
D:1:      evilmike_arrival_fibonacci_small, layout_basic, corexii_corridor_pit
D:2:      layout_basic, minmay_tall_x, uniq_terence, uniq_sigmund

Skill      XL: |  1  2 |
---------------+-------+-----
Short Blades   | 2 |  2.3
Throwing       | 2 |  2.0
Spellcasting   | 1 |  1.7
Fighting       | |  1.9
Armour         | |  0.1
Dodging        | |  0.9
Stealth        | |  4.9
Shields        | |  0.1

Action                   || total
-------------------------++-------
Melee: Dagger            ||    64
       Bite              ||    17
Throw: Dart              ||     5
       Stone             ||    24
 Stab: Sleeping          ||     3
Armor: Ring mail         ||    30
Dodge: Dodged            ||    42
Block: Kite shield       ||    21
